AoeStats
← brunofuria5

Black Forest

507327033Analyzed
2v2 RM · 14d ago on Sep 17, 2026· 43m 12s· 4 players
Game mode
Random Map
Map size
Medium (4 player)
Population
200
Speed
Normal
Resources
Standard
Victory
Conquest
Starting age
Dark Age
Ending age
Imperial Age
RankedLock teamsTeams togetherTeam positionsShared explorationLock speedFull tech treeHidden civsTurbo modeCheats
Victory
Defeat
🇹🇷 Britons · Türkiye
746
+12
🇪🇸 Lithuanians · Spain
746
+12
🇦🇷 Bohemians · Argentina
666
-12
🇦🇷 Turks · Argentina
666
-12
francoubino1juegos
13:15 Feudal Age
14:27 Double-Bit Axe
17:41 Horse Collar
22:18 Castle Age
20:26 Padded Archer Armor
20:17 Fletching
22:28 Crossbowman
22:30 Elite Skirmisher
23:47 Bow Saw
26:30 Murder Holes
26:58 Ballistics
27:17 Leather Archer Armor
26:52 Fletching
27:09 Heavy Plow
27:56 Town Watch
28:47 Wheelbarrow
28:26 Loom
31:13 Chemistry
30:05 Guard Tower
29:57 Treadmill Crane
30:27 Masonry
31:49 Hand Cart
31:35 Town Patrol
32:46 Leather Archer Armor
32:21 Fletching
37:31 Imperial Age
37:51 Arbalester
40:49 Keep
40:00 Arrowslits
42:11 Houfnice
42:50 Light Cavalry
43:30 Husbandry
brunofuria5
11:08 Feudal Age
9:51 Loom
12:02 Double-Bit Axe
20:10 Horse Collar
22:52 Castle Age
20:57 Horse Collar
22:54 Forging
22:35 Fletching
22:45 Padded Archer Armor
24:33 Husbandry
24:44 Bloodlines
25:16 Iron Casting
24:51 Scale Barding Armor
29:02 Squires
32:59 Wheelbarrow
33:10 Leather Archer Armor
32:53 Bodkin Arrow
33:14 Leather Archer Armor
39:09 Gold Mining
39:09 Stone Mining
39:30 Bow Saw
39:47 Chain Barding Armor
39:43 Leather Archer Armor
41:19 Hand Cart
40:50 Town Watch
46:04 Imperial Age
lars.jak
3:20 Loom
10:54 Feudal Age
16:38 Castle Age
18:45 Fervor
19:25 Double-Bit Axe
19:23 Horse Collar
22:54 Bloodlines
22:44 Husbandry
24:12 Scale Barding Armor
24:18 Forging
26:19 Iron Casting
26:44 Wheelbarrow
27:05 Chain Barding Armor
28:43 Heavy Plow
31:26 Gold Mining
34:31 Imperial Age
32:17 Hand Cart
32:18 Bow Saw
32:38 Treadmill Crane
36:21 Two-Man Saw
35:59 Plate Barding Armor
35:16 Stone Mining
35:24 Cavalier
36:55 Light Cavalry
36:58 Paladin
40:10 Stone Shaft Mining
40:15 Fletching
40:50 Ballistics
41:31 Chemistry
40:41 Masonry
41:02 Devotion
43:00 Conscription
43:19 Hoardings
42:49 Bodkin Arrow
42:53 Town Watch
ImZeussX
0:34 Loom
14:45 Feudal Age
15:30 Double-Bit Axe
15:26 Horse Collar
16:56 Wheelbarrow
17:27 Gold Mining
17:30 Stone Mining
22:49 Castle Age
24:55 Bow Saw
24:48 Heavy Plow
25:08 Hand Cart
25:33 Town Watch
25:57 Padded Archer Armor
28:10 Leather Archer Armor
27:45 Fletching
27:32 Pikeman
28:12 Squires
27:58 Arson
29:16 Gold Shaft Mining
29:47 Fortified Wall
29:46 Town Patrol
31:41 Scale Mail Armor
31:52 Forging
31:37 Bodkin Arrow
37:42 Imperial Age
35:48 Yeomen
37:11 Chain Mail Armor
37:31 Iron Casting
39:58 Chemistry
39:32 Ring Archer Armor
39:02 Bracer
40:09 Two-Man Saw
40:29 Bracer
41:30 Blast Furnace
41:01 Plate Mail Armor
39:54 Halberdier
41:11 Siege Engineers
40:48 Elite Longbowman
Connection lost

Rejoining the realm…

Still unreachable

The connection could not be restored.

Session expired

The server has moved on; the page needs a fresh start.